AoeStats
← joseantonioibanez8

Black Forest

509776004Analyzed
4v4 RM · 3d ago on Sep 28, 2026· 42m 35s· 8 players
Game mode
Random Map
Map size
Large (8 player)
Population
200
Speed
Normal
Resources
Standard
Victory
Conquest
Starting age
Dark Age
Ending age
Imperial Age
RankedLock teamsTeams togetherTeam positionsShared explorationLock speedFull tech treeHidden civsTurbo modeCheats
Victory
Defeat
🇨🇳 Saxons · China
948
+13
🇨🇳 Japanese · China
946
+13
🇨🇳 Chinese · China
933
+13
🇲🇾 Romans · Malaysia
880
+16
🇨🇱 Britons · Chile
899
-15
🇲🇽 Mongols · Mexico
889
-34
🇦🇷 Hindustanis · Argentina
874
-14
🇲🇽 Maya · Mexico
844
-12
Blues_1111
0:36 Loom
13:57 Feudal Age
14:44 Double-Bit Axe
20:41 Castle Age
19:16 Horse Collar
20:20 Stone Mining
21:14 Gold Mining
21:41 Bow Saw
21:32 Heavy Plow
23:38 Gold Shaft Mining
26:21 Wheelbarrow
28:55 Ballistics
28:49 Ballistas
30:31 Ballistics
37:29 Imperial Age
37:28 Hand Cart
38:05 Scale Mail Armor
38:06 Heavy Scorpion
40:02 Conscription
40:54 Siege Engineers
41:02 Fortified Wall
40:33 Pikeman
41:14 Squires
太原老登
7:01 Loom
12:00 Feudal Age
15:57 Castle Age
15:28 Double-Bit Axe
20:05 Horse Collar
20:20 Stone Mining
28:53 Fishing Lines
32:45 Imperial Age
32:11 Wheelbarrow
31:49 Bow Saw
31:35 Gold Mining
32:46 Heavy Plow
33:29 Squires
33:15 Gambesons
33:47 Forging
33:37 Scale Mail Armor
33:10 Elite Varangian Guard
33:37 Arson
34:35 Hand Cart
33:54 Shield Wall
34:55 Conscription
35:19 Town Watch
36:07 Crop Rotation
36:38 Two-Man Saw
37:33 Iron Casting
37:13 Chain Mail Armor
37:03 Murder Holes
37:20 Masonry
37:22 Caravan
37:54 Town Patrol
37:23 Elite Hearth Troop
40:17 Plate Mail Armor
39:40 Fletching
39:35 Treadmill Crane
41:19 Architecture
41:13 Ballistics
42:00 Chemistry
43:16 Hoardings
812508893
11:12 Feudal Age
15:45 Castle Age
13:48 Double-Bit Axe
13:48 Horse Collar
17:36 Bow Saw
17:55 Heavy Plow
24:23 Wheelbarrow
24:13 Gold Mining
24:13 Stone Mining
26:11 Gold Shaft Mining
26:11 Stone Shaft Mining
26:23 Hand Cart
28:16 Elite Skirmisher
29:07 Thumb Ring
31:38 Imperial Age
31:58 Fletching
32:08 Padded Archer Armor
31:58 Fletching
32:22 Forging
33:00 Bodkin Arrow
33:08 Padded Archer Armor
35:19 Caravan
36:36 Fortified Wall
36:38 Masonry
36:15 Arrowslits
36:53 Ballistics
37:35 Chemistry
36:37 Elite Chu Ko Nu
37:19 Great Wall
37:41 Rocketry
37:43 Conscription
40:33 Two-Man Saw
40:10 Bracer
40:26 Leather Archer Armor
40:46 Iron Casting
40:13 Scale Mail Armor
42:14 Husbandry
42:24 Bloodlines
41:35 Cavalier
爱坚果
3:27 Loom
11:48 Feudal Age
12:16 Double-Bit Axe
16:59 Castle Age
15:37 Stone Mining
15:50 Fishing Lines
19:52 Wheelbarrow
19:54 Gillnets
26:10 Hand Cart
29:53 Imperial Age
27:59 Ballistics
27:44 Caravan
27:55 Town Watch
28:08 Fletching
28:59 Bodkin Arrow
29:07 Yasama
29:11 Squires
30:18 Padded Archer Armor
31:05 Conscription
30:51 Bracer
30:41 Arrowslits
30:48 Guard Tower
32:00 Chemistry
31:13 Husbandry
31:24 Bloodlines
31:36 Thumb Ring
31:53 Bow Saw
32:53 Leather Archer Armor
32:05 Heavy Cavalry Archer
34:11 Two-Man Saw
34:13 Parthian Tactics
33:09 Elite Skirmisher
34:28 Ring Archer Armor
33:59 Scale Mail Armor
34:10 Forging
34:26 Kataparuto
36:33 Keep
36:03 Siege Engineers
35:40 Treadmill Crane
36:03 Pikeman
36:29 Arson
39:26 Chain Mail Armor
39:22 Forging
39:47 Halberdier
42:17 Plate Mail Armor
42:23 Iron Casting
Manigoldo870630
12:27 Feudal Age
14:40 Double-Bit Axe
14:40 Horse Collar
14:48 Fishing Lines
22:38 Castle Age
26:51 Gillnets
27:28 Scale Barding Armor
27:15 Fletching
28:43 Stone Mining
30:28 Husbandry
30:39 Bloodlines
29:49 Light Cavalry
31:27 Masonry
31:12 Murder Holes
32:21 Gold Mining
34:06 Stone Shaft Mining
34:07 Gold Shaft Mining
34:18 Ballistics
38:02 Imperial Age
36:10 Wheelbarrow
35:21 Loom
36:48 Town Watch
38:53 Chain Barding Armor
38:44 Forging
38:30 Bodkin Arrow
38:36 Padded Archer Armor
38:13 Elite Mangudai
joseantonioibanez8
0:29 Loom
11:48 Feudal Age
16:58 Castle Age
16:25 Double-Bit Axe
17:20 Fishing Lines
23:33 Bow Saw
25:47 Scale Mail Armor
26:06 Gillnets
27:37 Caravan
28:56 Wheelbarrow
32:50 Gold Mining
33:14 Forging
33:20 Chain Mail Armor
37:14 Imperial Age
35:01 Hand Cart
35:33 Eagle Warrior
37:54 Elite Eagle Warrior
42:08 Onager
bastiokss21
0:36 Loom
10:58 Feudal Age
11:26 Double-Bit Axe
17:41 Castle Age
19:33 Wheelbarrow
23:58 Stone Mining
28:42 Horse Collar
29:13 Treadmill Crane
29:54 Ballistics
29:30 Fletching
33:55 Imperial Age
31:51 Masonry
32:12 Caravan
32:32 Bodkin Arrow
32:38 Padded Archer Armor
33:14 Yeomen
33:32 Gold Mining
33:47 Heavy Plow
33:59 Bow Saw
35:27 Gold Shaft Mining
35:55 Two-Man Saw
34:37 Elite Longbowman
35:35 Crossbowman
37:36 Chemistry
37:08 Conscription
37:12 Bracer
37:50 Hand Cart
39:09 Leather Archer Armor
40:46 Architecture
40:14 Arbalester
FernetRush
10:48 Feudal Age
15:32 Castle Age
13:57 Double-Bit Axe
14:02 Horse Collar
14:24 Loom
17:27 Bow Saw
23:01 Gold Mining
24:13 Wheelbarrow
25:36 Hand Cart
26:14 Gold Shaft Mining
27:27 Heavy Plow
30:05 Imperial Age
28:13 Scale Barding Armor
31:37 Conscription
31:18 Grand Trunk Road
31:51 Chain Barding Armor
31:42 Forging
33:05 Bloodlines
34:04 Chemistry
33:48 Plate Barding Armor
33:49 Shatagni
34:00 Town Watch
34:59 Padded Archer Armor
35:35 Iron Casting
35:58 Stone Mining
35:42 Light Cavalry
35:44 Heavy Camel Rider
37:26 Hussar
38:58 Onager
Connection lost

Rejoining the realm…

Still unreachable

The connection could not be restored.

Session expired

The server has moved on; the page needs a fresh start.